 Dungeon Crawl Stone Soup version 0.30-a0-1094-g860fb061e7 (webtiles) character file.

Game seed: 14130407683999898380

1085 jasper the Thaumaturge (level 8, 0/46 HPs)
             Began as a Deep Elf Hedge Wizard on Apr 17, 2023.
             Slain by an ice beast (14 damage)
             ... on level 6 of the Dungeon.
             The game lasted 00:11:08 (5159 turns).

jasper the Thaumaturge (Deep Elf Hedge Wizard)      Turns: 5159, Time: 00:11:10

Health: 0/46       AC:  3    Str:  7    XL:     8   Next: 9%
Magic:  21/24      EV: 14    Int: 28    God:
Gold:   98         SH:  5    Dex: 12    Spells: 11/27 levels left

rFire   . . .      SeeInvis .    i - +2 whip (venom)
rCold   . . .      Faith    .    (no shield)
rNeg    . . .      Spirit   .    b - +0 robe
rPois   .          Reflect  +    c - +0 hat
rElec   .          Rampage  .    (no cloak)
rCorr   .                        p - +0 pair of gloves "Rutoum" {+Blink Int+6 Dex-2}
Will    .....                    (no boots)
Stlth   ++                       l - amulet of reflection
HPRegen 0.27/turn                (no ring)
MPRegen 0.19/turn                (no ring)

@: no status effects
A: no striking features
a: Evoke Blink


You were on level 6 of the Dungeon.
You visited 1 branch of the dungeon, and saw 6 of its levels.

You collected 386 gold pieces.
You spent 288 gold pieces at shops.

Inventory:

Hand Weapons
 a - a +0 dagger
 d - a +0 short sword of venom
 i - a +2 whip of venom (weapon)
 o - a +1 dagger of venom
Missiles
 m - 2 silver boomerangs
Armour
 b - a +0 robe (worn)
 c - a +0 hat (worn)
 p - the +0 pair of gloves "Rutoum" (worn) {+Blink Int+6 Dex-2}
   (You found it on level 2 of the Dungeon)

   Int:       It affects your intelligence (+6).
   Dex:       It affects your dexterity (-2).
   +Blink:    It lets you blink.
Jewellery
 l - an amulet of reflection (around neck)
Wands
 r - a wand of charming (9)
Scrolls
 f - 7 scrolls of identify
 k - 3 scrolls of enchant weapon {unknown}
 n - a scroll of blinking
Potions
 e - a potion of cancellation
 g - a potion of haste
 j - a potion of resistance
 q - a potion of berserk rage {unknown}


   Skills:
 + Level 3.2 Fighting
 + Level 5.5 Dodging
 - Level 2.4 Stealth
 * Level 10.0 Spellcasting
 - Level 1.1 Conjurations
 - Level 1.1 Summonings
 - Level 1.1 Translocations
 + Level 2.4 Poison Magic


You had 11 spell levels left.
You knew the following spells:

 Your Spells              Type           Power      Damage    Failure   Level
a - Magic Dart            Conj           80%        1d7       2%          1
b - Slow                  Hex            56%        N/A       4%          1
c - Blink                 Tloc           40%        N/A       3%          2
d - Call Imp              Summ           40%        N/A       3%          2
e - Cigotuvi's Dreadful   Necr/Pois/Air  36%        N/A       4%          2
f - Mephitic Cloud        Conj/Pois/Air  20%        N/A       8%          3
g - Olgreb's Toxic Radia  Pois           28%        N/A       14%         4
h - Apportation           Tloc           40%        N/A       2%          1

Your spell library contained the following spells:

 Spells                   Type           Power      Damage    Failure   Level
 Sting                    Tmut/Pois      84%        1d7       2%          1
 Summon Small Mammal      Summ           80%        N/A       2%          1
 Poisonous Vapours        Pois/Air       42%        N/A       3%          2
 Necrotise                Necr           56%        1d6       4%          1
 Ensorcelled Hibernation  Hex/Ice        28%        N/A       6%          2
 Spider Form              Tmut/Pois      21%        N/A       7%          3
 Confusing Touch          Hex            14%        N/A       12%         3
 Vampiric Draining        Necr           14%        2d7       12%         3
 Summon Ice Beast         Ice/Summ       17%        N/A       32%         4
 Anguish                  Hex/Necr       7%         N/A       36%         4
 Summon Mana Viper        Hex/Summ       17%        N/A       65%         5
 Monstrous Menagerie      Summ           10%        N/A       100%        7


Dungeon Overview and Level Annotations

Branches:
Dungeon (6/15)
 Temple: D:4-7

Altars:
Zin

Shops:
D:5 *[:

Annotations:
D:3 2 transporters, oldplebian's ghost, amateur HOCA


Message History

The ice beast is lightly wounded.
You now have 20/24 mp.
Aiming: Magic Dart (safe; 2% risk of failure)
Press: ? - help, Q - select action, (/) - cycle Shift-Dir - straight line, f/p - ice beast
Aim: an ice beast (lightly wounded, 100% to hit)
The magic dart hits the ice beast but does no damage.
The ice beast is lightly wounded.
The ice beast barely misses you.
You now have 19/24 mp.
You hit the ice beast.
The ice beast is moderately wounded.
The ice beast closely misses you.
You closely miss the ice beast.
The ice beast is moderately wounded.
The ice beast barely misses you.
You barely miss the ice beast.
The ice beast is moderately wounded.
The ice beast barely misses you.
You closely miss the ice beast.
The ice beast is moderately wounded.
The ice beast hits you but does no damage.
You hit the ice beast.
The ice beast is moderately wounded.
The ice beast hits you. The ice beast freezes you!
You block the ice beast's attack.
You take 16 damage, and have 30/46 hp.
MASSIVE DAMAGE!!
You closely miss the ice beast.
The ice beast is moderately wounded.
The ice beast misses you.
You barely miss the ice beast.
The ice beast is moderately wounded.
The ice beast misses you.
You barely miss the ice beast.
The ice beast is moderately wounded.
The ice beast hits you. The ice beast freezes you!
You take 16 damage, and have 15/46 hp.
MASSIVE DAMAGE!!
You hit the ice beast.
The ice beast is heavily wounded.
The ice beast hits you. The ice beast freezes you!
You die...

#'##.###.....##.#..........).#
# #.##.#
#####..#)#.........#### #^##.#
##.#.#.........#
#.##.########.#.####+######
#.##.............#
#.############.####### #..
................ ###
########.####### #..@# ###Y#
#.# #.# #..# ##... #....
..##.. ..# .


You could see an ice beast.

Vanquished Creatures
  Grinder (D:5)
  A centaur (D:5)
  2 phantoms (D:6)
  A scorpion (D:5)
  A bullfrog (D:6)
  A hound (D:6)
  3 orc priests
  A jelly (D:6)
  4 iguanas
  A sleepcap (D:5)
  2 orc wizards (D:6)
  A hound zombie (D:4)
  Robin (D:3)
  3 adders
  6 gnolls
  A white imp (D:6)
  2 worms
  3 dart slugs (D:2)
  12 orcs
  2 ball pythons (D:1)
  4 endoplasms
  2 giant cockroaches
  11 goblins
  5 hobgoblins
  2 jackals (D:1)
  8 kobolds
  3 bats
  2 frilled lizards
  8 rats
94 creatures vanquished.

Vanquished Creatures (collateral kills)
  A gnoll (D:4)
  3 jackals (D:2)
  2 kobolds (D:1)
  A bat (D:1)
  A rat (D:1)
8 creatures vanquished.

Vanquished Creatures (others)
  13 plants (D:3)
  2 withered plants (D:4)
15 creatures vanquished.

Grand Total: 117 creatures vanquished

Notes
Turn   | Place    | Note
-------+----------+-------------------------------------------
     0 | D:1      | jasper the Deep Elf Hedge Wizard began the quest for the
                  | Orb.
     0 | D:1      | Reached XP level 1. HP: 10/10 MP: 7/7
   128 | D:1      | Reached skill level 5 in Spellcasting
   183 | D:1      | Reached XP level 2. HP: 15/15 MP: 7/10
   185 | D:1      | Learned a level 1 spell: Slow
   188 | D:1      | Learned a level 2 spell: Blink
   191 | D:1      | Learned a level 2 spell: Call Imp
   194 | D:1      | Learned a level 2 spell: Cigotuvi's Dreadful Rot
   991 | D:2      | Reached XP level 3. HP: 19/19 MP: 10/12
  1047 | D:2      | Reached skill level 6 in Spellcasting
  1100 | D:2      | Learned a level 3 spell: Mephitic Cloud
  1181 | D:2      | Identified the +0 pair of gloves "Rutoum" {+Blink Int+6
                  | Dex-2}
  1211 | D:2      | Found a faded altar of an unknown god.
  1409 | D:3      | Noticed Robin
  1562 | D:3      | Found a transporter.
  1562 | D:3      | Noticed oldplebian's ghost (amateur HOCA)
  1659 | D:4      | Reached XP level 4. HP: 24/24 MP: 6/14
  1871 | D:4      | Identified the +0 robe of Bitterness {Rampage Regen+}
  1943 | D:3      | Found a transporter.
  2001 | D:3      | Killed Robin
  2022 | D:3      | Reached skill level 1 in Fighting
  2240 | D:3      | Reached skill level 7 in Spellcasting
  2317 | D:3      | Reached XP level 5. HP: 29/29 MP: 14/16
  2863 | D:5      | Entered Level 5 of the Dungeon
  3167 | D:5      | Noticed a centaur
  3182 | D:5      | Killed a centaur
  3183 | D:5      | Reached XP level 6. HP: 32/35 MP: 14/18
  3238 | D:5      | Reached skill level 8 in Spellcasting
  3524 | D:5      | Noticed Grinder
  3542 | D:5      | Paralysed by Grinder for 5 turns
  3551 | D:5      | Paralysed by Grinder for 5 turns
  3560 | D:5      | Killed Grinder
  3561 | D:5      | Reached XP level 7. HP: 36/40 MP: 4/21
  3660 | D:5      | Found Jameirau's Book Shop.
  3678 | D:5      | Bought a Young Poisoner's Handbook for 200 gold pieces
  3683 | D:5      | Learned a level 4 spell: Olgreb's Toxic Radiance
  3762 | D:5      | Found Xomnofue's Armour Shop.
  3773 | D:5      | Found Depatt's General Store.
  3776 | D:5      | Bought a potion of cancellation for 88 gold pieces
  3938 | D:5      | Learned a level 1 spell: Apportation
  4121 | D:5      | Reached skill level 9 in Spellcasting
  4367 | D:6      | Reached skill level 1 in Poison Magic
  4440 | D:6      | Reached skill level 5 in Dodging
  4689 | D:6      | Found a glowing silver altar of Zin.
  4986 | D:6      | Reached skill level 10 in Spellcasting
  4986 | D:6      | Reached XP level 8. HP: 46/46 MP: 17/24
  5159 | D:6      | Slain by an ice beast

Illustrated notes

Levels and vault maps discovered:
D:1:      amcnicky_arrival_choice, layout_rooms
D:2:      layout_rooms, shapermc_ecumenical_altar_pompeii
D:3:      layout_basic, gammafunk_ghost_arena, minmay_misc_feat_nine_boxes,
          chequers_serial_rivers_marsh, chequers_serial_rivers_small_3,
          serial_bayou_ford_a, uniq_robin
D:4:      kennysheep_goblin_castle, layout_loops_cross,
          minmay_temple_entry_waves, serial_undead, serial_undead_b,
          serial_undead_d, serial_undead_e, serial_undead_e, serial_undead_f,
          serial_undead_a, serial_undead_f, kennysheep_decorative_pillar
D:5:      layout_gridville, serial_shops, shop,
          nicolae_shop_tiny_real_fake_doors, shop, kennysheep_generic_room_13,
          uniq_ijyb, uniq_grinder
D:6:      layout_basic, mainiacjoe_overflow_alcove_2

Skill      XL: |  1  2  3  4  5  6  7 |
---------------+----------------------+-----
Spellcasting   | 5 6 7 8 10 | 10.0
Dodging        | 3 4 5 |  5.5
Fighting       | 1 2 3 |  3.2
Poison Magic   | 2 |  2.4
Stealth        | |  2.4
Conjurations   | |  1.1
Summonings     | |  1.1
Translocations | |  1.1

Action                     |  1- 3 |  4- 6 |  7- 9 || total
---------------------------+-------+-------+-------++-------
  Melee: Dagger            |     1 |       |       ||     1
         Short sword       |     7 |       |       ||     7
         Punch             |     1 |       |     1 ||     2
         Whip              |    10 |    70 |    45 ||   125
   Cast: Magic Dart        |    75 |    94 |    68 ||   237
         Call Imp          |     5 |     7 |     1 ||    13
         Cigotuvi's Dreadf |     1 |       |       ||     1
         Mephitic Cloud    |       |     3 |       ||     3
         Blink             |       |     2 |       ||     2
         Olgreb's Toxic Ra |       |       |     3 ||     3
    Use: Scroll            |    10 |       |       ||    10
         Potion            |     1 |     3 |       ||     4
 Armour: Robe              |     6 |    14 |     6 ||    26
  Dodge: Dodged            |    32 |    46 |    31 ||   109
  Block: Other             |       |    23 |    12 ||    35
         Reflection        |       |     2 |       ||     2

Table legend: (Time is in decaauts)
 A = Elapsed time spent in this place.
 B = Non-inter-level travel time spent in this place.
 C = Inter-level travel time spent in this place.
 D = Time resting spent in this place.
 E = Time spent auto-exploring this place.
 F = Levels seen in this place.
 G = Mean time per level.
                   A        B        C        D        E       F      G
               +--------+--------+--------+--------+--------+-----+--------+
         Total |   5174 |   5049 |    125 |    164 |   4005 |   6 |  862.3 |
       Dungeon |   5174 |   5049 |    125 |    164 |   4005 |   6 |  862.3 |
               +--------+--------+--------+--------+--------+-----+--------+

Top non-repeatable levels by time:
     D:5: 1455 daAuts
     D:3: 1114 daAuts
     D:6: 832 daAuts
     D:1: 781 daAuts
     D:2: 675 daAuts
     D:4: 315 daAuts
